 Dungeon Crawl Stone Soup version 0.30-a0-365-ge7f957f1db (webtiles) character file.

Game seed: 7155435374929979764

6882 ryw the Summoner (level 10, -5/70 HPs)
             Began as a Demonspawn Wanderer on Nov 18, 2022.
             Was an Initiate of Gozag.
             Slain by a white ugly thing (22 damage)
             ... on level 11 of the Dungeon.
             The game lasted 00:31:35 (11957 turns).

ryw the Summoner (Demonspawn Wanderer)             Turns: 11957, Time: 00:31:36

Health: -5/70      AC:  9    Str: 11    XL:     10   Next: 79%
Magic:  18/22      EV: 14    Int: 18    God:    Gozag
Gold:   91         SH:  0    Dex: 19    Spells: 16/26 levels left

rFire   + . .      SeeInvis .    r - +6 dagger
rCold   . . .      Faith    .    (no shield)
rNeg    . . .      Spirit   .    s - +0 robe of the Maze {Dex+3}
rPois   .          Reflect  .    k - +0 helmet
rElec   .          Harm     .    (no cloak)
rCorr   .          Rampage  .    b - +0 pair of gloves
Will    .....                    p - +1 pair of boots of the Enchanted Forest {Dex+2}
Stlth   ++........               H - amulet of magic regeneration
HPRegen 0.31/turn                I - ring of protection from fire
MPRegen 0.58/turn                (no ring)

@: no status effects
A: claws 1, slimy green scales 2, powered by death 1, demonic magic 2
a: Renounce Religion, Potion Petition, Call Merchant, Bribe Branch


You were on level 11 of the Dungeon.
You worshipped Gozag.
Gozag was noncommittal.
You visited 2 branches of the dungeon, and saw 12 of its levels.

You collected 1037 gold pieces.
You spent 216 gold pieces at shops.
You paid 730 gold pieces to Gozag.

Inventory:

Hand Weapons
 r - a +6 dagger (weapon)
 u - the +0 hand axe "Ellesk" {vorpal, rCorr Dex+2}
   (You found it on level 5 of the Dungeon)

   It inflicts extra damage upon your enemies.
   Dex:       It affects your dexterity (+2).
   rCorr:     It protects you from acid and corrosion.
 F - the +8 hand axe of Circularity {antimagic, rC+ Int+3 Dex-5 Stlth+}
   (You found it on level 8 of the Dungeon)

   It reduces the magical energy of the wielder, and disrupts the spells and
   magical abilities of those it strikes.
   Natural abilities and divine invocations are not affected.
   Int:       It affects your intelligence (+3).
   Dex:       It affects your dexterity (-5).
   rC:        It protects you from cold.
   Stlth:     It makes you more stealthy.
Missiles
 l - 14 poisoned darts
Armour
 b - a +0 pair of gloves (worn)
 k - a +0 helmet (worn)
 p - the +1 pair of boots of the Enchanted Forest (worn) {Dex+2}
   (You found it on level 5 of the Dungeon)

   Dex:       It affects your dexterity (+2).
 s - the +0 robe of the Maze (worn) {Dex+3}
   (You found it on level 3 of the Dungeon)

   Dex:       It affects your dexterity (+3).
 y - a +0 buckler
Jewellery
 H - an amulet of magic regeneration (around neck)
 I - a ring of protection from fire (left hand)
Wands
 d - a wand of charming (2)
 q - a wand of light (12)
 B - a wand of flame (21)
 C - a wand of polymorph (7)
 E - a wand of iceblast (11)
Scrolls
 e - 3 scrolls of fog
 f - a scroll of magic mapping
 i - 8 scrolls of teleportation
 v - 2 scrolls of enchant weapon
 x - 2 scrolls of amnesia
 J - a scroll of summoning
Potions
 a - a potion of resistance
 c - a potion of lignification
 g - 8 potions of curing
 h - 2 potions of might
 j - 4 potions of magic
 n - 5 potions of heal wounds
 o - 2 potions of haste
 t - 2 potions of cancellation
 w - 2 potions of brilliance
 z - 3 potions of flight
 D - a potion of berserk rage
 G - a potion of attraction {unknown}
Miscellaneous
 A - a condenser vane


   Skills:
 + Level 3.6 Fighting
 - Level 0.6 Short Blades
 - Level 1.0 Throwing
 + Level 3.5 Dodging
 - Level 2.6 Stealth
 + Level 4.5 Unarmed Combat
 + Level 8.8 Spellcasting
 - Level 4.0 Hexes
 + Level 9.0 Summonings
 + Level 5.9 Translocations
 - Level 1.0 Evocations


You had 16 spell levels left.
You knew the following spells:

 Your Spells              Type           Power      Damage    Failure   Level
a - Slow                  Hex            88%        N/A       1%          1
b - Summon Guardian Gole  Hex/Summ       31%        N/A       1%          3
c - Manifold Assault      Tloc           29%        N/A       8%          4
d - Blink                 Tloc           58%        N/A       1%          2

Your spell library contained the following spells:

 Spells                   Type           Power      Damage    Failure   Level
 Lesser Beckoning         Tloc           58%        N/A       2%          3
 Momentum Strike          Conj/Tloc      36%        3d9       4%          2
 Confusing Touch          Hex            22%        N/A       5%          3
 Dispersal                Tloc           14%        N/A       77%         6
 Disjunction              Tloc           14%        N/A       100%        8


Dungeon Overview and Level Annotations

Branches:
Dungeon (11/15)            Temple (1/1) D:4            Lair (0/5) D:9
    Orc (0/2) D:11

Altars:
Cheibriados
Dithmenos
Fedhas
Gozag
Hepliaklqana
Kikubaaqudgha
Makhleb
Nemelex Xobeh
Okawaru
Qazlal
Ru
Sif Muna
Trog
Uskayaw
Vehumet
Wu Jian
Xom
Yredelemnul

Shops:
D:2 [   D:11 *

Annotations:
D:2 Sigmund
D:7 Prince Ribbit
D:9 exclusion: ice statue


Innate Abilities, Weirdness & Mutations

You have sharp fingernails.
You are mostly covered in slimy green scales. (AC +3)
You regenerate a little health from kills.
Spells you cast may paralyse nearby enemies.


Message History

Malevolent energies surge around you.
You swap places.
The vampire mosquito is no longer distracted by gold.
The vampire mosquito is distracted by your dazzling golden aura.
The vampire mosquito is no longer distracted by gold.
The vampire mosquito bites your guardian golem but does no damage. x2
The vampire mosquito completely misses your guardian golem.
A white ugly thing comes into view.
The vampire mosquito bites your guardian golem!
The vampire mosquito bites your guardian golem.
The white ugly thing bites your guardian golem but does no damage.
The white ugly thing bites your guardian golem.
The white ugly thing freezes your guardian golem!
Your guardian golem resists.
The white ugly thing bites your guardian golem but does no damage.
The white ugly thing bites your guardian golem!
The white ugly thing freezes your guardian golem!
Your guardian golem resists.
Your guardian golem is destroyed!
Your guardian golem disappears in a puff of smoke!
Unknown command.
Casting: Summon Guardian Golem (safe; 1% risk of failure)
Confirm with . or Enter, or press ? or * to list all spells.
A guardian golem appears, shielding your allies.
Malevolent energies surge around you.
The vampire mosquito suddenly stops moving!
The white ugly thing misses you.
Casting: Summon Guardian Golem (safe; 1% risk of failure)
Confirm with . or Enter, or press ? or * to list all spells.
A guardian golem appears, shielding your allies.
Malevolent energies surge around you.
Your guardian golem disappears in a puff of smoke!
The white ugly thing bites you! The white ugly thing freezes you!!
The white ugly thing attacks as you move away!
The white ugly thing closely misses you.
The white ugly thing bites you!
* * * LOW HITPOINT WARNING * * *
The white ugly thing freezes you!!
You die...
Your body crumbles into a pile of gold.

#.$..#.####.#
#.....# #
#..........#
#.....###..
#.......$###
#.........#
########$..#
#......###
###y###
#......### #...#
#........##
###.#
##.........#
#u####.........#
#.@9..#........#
#####..........#
#>.#.....###
#.#....###
#(#.#### #.#.#
#.. # ###


You could see a white ugly thing, a vampire mosquito (paralysed, ally target)
and a friendly guardian golem (summoned).

Vanquished Creatures
  An unseen horror zombie (D:9)
  A troll (D:11)
  Grinder (D:3)
  A hornet (D:9)
  3 steam dragons
  A vampire mosquito (D:10)
  A water moccasin (D:7)
  An orc warrior (D:6)
  An ice beast (D:6)
  2 centaurs (D:9)
  A kobold brigand (D:8)
  5 scorpions
  5 bullfrogs
  4 wights
  11 killer bees
  2 howler monkeys
  4 crimson imps (D:4)
  A centaur zombie (D:9)
  An orc priest (D:4)
  2 jellies
  4 hounds
  2 iguanas (D:6)
  5 orc wizards
  A gnoll (D:3)
  2 adders (D:4)
  A shadow imp (D:6)
  2 ufetubi
  3 dart slugs
  15 orcs
  9 ball pythons
  5 bats
  5 endoplasms
  4 giant cockroaches
  3 goblins
  9 hobgoblins
  5 jackals
  2 quokkas
  4 frilled lizards
  12 kobolds
  11 rats
153 creatures vanquished.

Vanquished Creatures (others)
  A two-headed ogre (D:10)
  A hornet (D:9)
  A troll (D:10)
  A shadow (D:9)
  4 yaks (D:9)
  8 vampire mosquitoes
  An acid dragon (D:10)
  A gnoll sergeant (D:9)
  Crazy Yiuf (D:3)
  Terence (D:2)
  3 gnolls (D:9)
  7 fungi (D:9)
  5 plants (D:9)
35 creatures vanquished.

Grand Total: 188 creatures vanquished

Notes
Turn   | Place    | Note
-------+----------+-------------------------------------------
     0 | D:1      | ryw the Demonspawn Wanderer began the quest for the Orb.
     0 | D:1      | ryw set off with the following items: a +0 dagger, a +0
                  | pair of gloves, a potion of lignification, a +0 robe, a
                  | scroll of fog; and the following spell memorised: Slow; and
                  | the following spells available to memorise: Confusing
                  | Touch, Summon Guardian Golem.
     0 | D:1      | Reached XP level 1. HP: 13/13 MP: 2/2
   270 | D:1      | Gained mutation: Spells you cast may paralyse adjacent
                  | enemies. [demonic ancestry]
   270 | D:1      | Reached XP level 2. HP: 19/19 MP: 4/4
   769 | D:2      | Noticed Sigmund
  1293 | D:2      | Gained mutation: You are partially covered in slimy green
                  | scales. (AC +2) [demonic ancestry]
  1293 | D:2      | Reached XP level 3. HP: 24/24 MP: 4/6
  1297 | D:2      | Learned a level 3 spell: Summon Guardian Golem
  1587 | D:2      | Found Yzxaneatri's Antique Armour Boutique.
  1601 | D:2      | Bought a pair of boots for 76 gold pieces
  1690 | D:2      | Noticed Terence
  1712 | D:2      | Killed Terence
  1713 | D:2      | Reached skill level 1 in Summonings
  2165 | D:3      | Noticed Grinder
  2183 | D:3      | Killed Grinder
  2184 | D:3      | Reached skill level 3 in Summonings
  2184 | D:3      | Gained mutation: You regenerate a little health from kills.
                  | [demonic ancestry]
  2184 | D:3      | Reached XP level 4. HP: 19/30 MP: 3/10
  2184 | D:3      | Reached XP level 5. HP: 22/35 MP: 3/11
  2292 | D:3      | Found a runed translucent door.
  2293 | D:3      | Noticed Crazy Yiuf
  2804 | D:3      | Gained mutation: Spells you cast may paralyse nearby
                  | enemies. [demonic ancestry]
  2804 | D:3      | Reached XP level 6. HP: 41/41 MP: 9/12
  2891 | D:3      | Identified the +0 robe of the Maze {Dex+3}
  3166 | D:3      | Killed Crazy Yiuf
  3673 | D:4      | Reached skill level 4 in Summonings
  4007 | D:4      | Gained mutation: You are mostly covered in slimy green
                  | scales. (AC +3) [demonic ancestry]
  4007 | D:4      | Reached XP level 7. HP: 46/46 MP: 11/14
  4049 | D:4      | Reached skill level 5 in Spellcasting
  4098 | D:4      | Found a sparkling altar of Nemelex Xobeh.
  4128 | D:4      | Found a staircase to the Ecumenical Temple.
  4134 | Temple   | Entered the Ecumenical Temple
  4392 | D:4      | Found a shimmering altar of Xom.
  4439 | D:4      | Reached skill level 5 in Summonings
  4923 | D:5      | Entered Level 5 of the Dungeon
  5028 | D:5      | Found a hide-covered altar of Uskayaw.
  5068 | D:5      | Identified the +1 pair of boots of the Enchanted Forest
                  | {Dex+2}
  5072 | D:5      | Identified the +0 hand axe "Ellesk" {vorpal, rCorr Dex+2}
  5087 | D:5      | You fall into a shaft and drop 1 floor!
  5104 | D:6      | Found a bloodstained altar of Trog.
  5173 | D:6      | Reached skill level 6 in Summonings
  5173 | D:6      | Reached XP level 8. HP: 52/52 MP: 17/17
  5233 | D:6      | Learned a level 4 spell: Manifold Assault
  5407 | D:6      | Found a blossoming altar of Fedhas.
  5469 | D:6      | Reached skill level 1 in Translocations
  5711 | D:6      | Found a radiant altar of Vehumet.
  5981 | D:7      | Found a snail-covered altar of Cheibriados.
  5981 | D:7      | Found an ornate altar of the Wu Jian Council.
  6159 | D:7      | Learned a level 2 spell: Blink
  6235 | D:7      | Found a shadowy altar of Dithmenos.
  6319 | D:7      | Found a stormy altar of Qazlal.
  6372 | D:7      | Found an opulent altar of Gozag.
  6383 | D:7      | Became a worshipper of Gozag Ym Sagoz the Greedy
  6495 | D:7      | Reached skill level 7 in Summonings
  6793 | D:7      | Noticed Prince Ribbit
  6798 | D:7      | Found an iron altar of Okawaru.
  7024 | D:7      | Gained mutation: You have sharp fingernails. [demonic
                  | ancestry]
  7024 | D:7      | Reached XP level 9. HP: 30/55 MP: 14/19
  7287 | D:8      | Reached skill level 1 in Unarmed Combat
  7639 | D:8      | Identified the +8 hand axe of Circularity {antimagic, rC+
                  | Int+3 Dex-5 Stlth+}
  8388 | D:9      | Found a staircase to the Lair.
  8700 | D:9      | Reached skill level 8 in Summonings
  9032 | D:9      | Reached skill level 1 in Dodging
  9042 | D:9      | Reached skill level 1 in Fighting
  9057 | D:9      | Reached skill level 5 in Translocations
  9057 | D:9      | Reached XP level 10. HP: 32/66 MP: 22/22
  9415 | D:9      | Noticed an ice statue
  9645 | D:9      | Found a basalt altar of Yredelemnul.
 10182 | D:10     | Entered Level 10 of the Dungeon
 10396 | D:10     | Noticed a two-headed ogre
 10423 | D:10     | Killed a two-headed ogre
 10914 | D:10     | Found a sacrificial altar of Ru.
 11618 | D:11     | Found a staircase to the Orcish Mines.
 11728 | D:11     | Bought a sapphire ring for 140 gold pieces
 11765 | D:11     | Reached skill level 9 in Summonings
 11945 | D:11     | Noticed a white ugly thing
 11957 | D:11     | Slain by a white ugly thing

Illustrated notes

Levels and vault maps discovered:
D:1:      eino_arrival_druids_welcome, layout_rooms
D:2:      layout_rooms, serial_shops, shop, serial_co_window_serial,
          co_window_paths_a, co_window_of_opportunity_a, co_window_paths_a,
          co_window_corner_a, co_window_corner_a, co_window_broadway_a,
          co_window_unsneaky_path_a, co_window_broadway_b, co_window_paths_e,
          co_window_4corner_a, glass_columns_a, uniq_terence, uniq_sigmund
D:3:      layout_loops_cross, minmay_increasing_density, uniq_grinder,
          uniq_crazy_yiuf_cottage
D:4:      layout_basic, kennysheep_mini_moat, led_xom_imps,
          minmay_temple_entry_statues_pillars, minmay_diced_spiral
D:5:      lemuel_ice_spiral_2, layout_basic, eat_drink_and_be_merry_uskayaw
D:6:      layout_loops_ring, mainiacjoe_overflow_tiny_flanked,
          mainiacjoe_overflow_six_doors_small, bloody_trog
D:7:      layout_loops_corners, nicolae_overflow_hidden_temple,
          mainiacjoe_overflow_concentric_impassable,
          mainiacjoe_overflow_24_doors, grunt_gozag_breadcrumbs,
          palyth_stone_intersect, uniq_prince_ribbit1
D:8:      layout_cave_pools
D:9:      lemuel_ice_statue, layout_layer_cave, lemuel_zombie_altar_yredelemnul,
          dpeg_oklobed_lair
D:10:     layout_loops_corners, nicolae_ru_great_annihilating_truth
D:11:     layout_basic, orc_0_dummy, okawaru_ov_weapons_minmay, uniq_josephine
Temple:   nicolae_temple_little_seven

Skill      XL: |  1  2  3  4  5  6  7  8  9 10 |
---------------+-------------------------------+-----
Spellcasting   | 2 4 6 7 8 |  8.8
Summonings     | 3 4 6 7 8 9 |  9.0
Translocations | 3 5 |  5.9
Unarmed Combat | 3 4 |  4.5
Dodging        | 1 3 |  3.5
Fighting       | 1 3 |  3.6
Short Blades   | |  0.6
Throwing       | |  1.0
Stealth        | |  2.6
Hexes          | |  4.0
Evocations     | |  1.0

Action                   |  1- 3 |  4- 6 |  7- 9 | 10-12 || total
-------------------------+-------+-------+-------+-------++-------
Melee: Dagger            |   124 |    48 |   162 |       ||   334
       Punch             |     2 |       |     3 |     6 ||    11
       Short sword       |    21 |    60 |       |       ||    81
       Unarmed           |       |       |     3 |   107 ||   110
 Cast: Slow              |    45 |    42 |   123 |    37 ||   247
       Summon Guardian G |     1 |     1 |     3 |    23 ||    28
Invok: Call Merchant     |       |       |       |     1 ||     1
  Use: Scroll            |       |     6 |     6 |     6 ||    18
       Potion            |       |       |     1 |       ||     1
 Stab: Sleeping          |     2 |     4 |     8 |     1 ||    15
       Paralysed         |    19 |    20 |    67 |    37 ||   143
       Invisible         |       |       |       |     1 ||     1
Armor: Robe              |    37 |    35 |    64 |    49 ||   185
Dodge: Dodged            |    76 |    46 |    86 |    60 ||   268

Table legend: (Time is in decaauts)
 A = Elapsed time spent in this place.
 B = Non-inter-level travel time spent in this place.
 C = Inter-level travel time spent in this place.
 D = Time resting spent in this place.
 E = Time spent auto-exploring this place.
 F = Levels seen in this place.
 G = Mean time per level.
                   A        B        C        D        E       F      G
               +--------+--------+--------+--------+--------+-----+--------+
         Total |  11914 |  11486 |    428 |   2513 |   6527 |  12 |  992.8 |
       Dungeon |  11873 |  11452 |    421 |   2513 |   6495 |  11 | 1079.4 |
        Temple |     40 |     33 |      7 |      0 |     32 |   1 |   40.0 |
               +--------+--------+--------+--------+--------+-----+--------+

Top non-repeatable levels by time:
     D:9: 2068 daAuts
     D:3: 1584 daAuts
     D:7: 1456 daAuts
    D:10: 1300 daAuts
     D:2: 1158 daAuts
     D:4: 1132 daAuts
     D:1: 976 daAuts
     D:6: 890 daAuts
     D:8: 676 daAuts
    D:11: 466 daAuts
     D:5: 163 daAuts
  Temple: 40 daAuts
